 Dungeon Crawl Stone Soup version 0.31.0 (webtiles) character file.

Game seed: 4496289073270777882

967 monsoonserge the Magician (level 8, 0/53 HPs)
             Began as a Djinni Alchemist on Jan 19, 2024.
             Slain by an ogre
             ... wielding a +0 giant club
              (21 damage)
             ... on level 5 of the Dungeon.
             The game lasted 00:17:23 (4271 turns).

monsoonserge the Magician (Djinni Alchemist)        Turns: 4271, Time: 00:17:23

Health: 0/53       AC:  2    Str:  7    XL:     8   Next: 38%
Gold:   194        EV: 14    Int: 18    God:
                   SH:  0    Dex: 15

rFire   + + .        m - +1 short sword (drain)
rCold   x . .        (no shield)
rNeg    . . .        a - +0 robe
rPois   ∞            (no helmet)
rElec   .            (no cloak)
rCorr   .            (no gloves)
SInv    .            (boots unavailable)
Will    .....        j - amulet of regeneration
Stlth   ++           (no ring)
HPRegen 1.08/turn    (no ring)
MPRegen 0.00/turn

%: infuse magic (-1 HP)
@: flying
A: sickness immunity, fire resistance 2, cold vulnerability 1, float, innate
caster, HP casting, extra vitality 1
a: no special abilities


You were on level 5 of the Dungeon.
You visited 1 branch of the dungeon, and saw 5 of its levels.

You collected 194 gold pieces.

Inventory:

Hand Weapons
 m - a +1 short sword of draining (weapon)
Missiles
 q - 4 boomerangs (quivered)
Armour
 a - a +0 robe (worn)
 p - a +0 ring mail
Jewellery
 j - an amulet of regeneration (around neck)
Scrolls
 b - a scroll of amnesia {unknown}
 c - 2 scrolls of vulnerability {unknown}
 g - a scroll of revelation {unknown}
 i - a scroll of noise {unknown}
 k - a scroll of blinking {unknown}
 l - a scroll of silence {unknown}
 o - a scroll of fog {unknown}
Potions
 d - 3 potions of enlightenment {unknown}
 e - a potion of lignification {unknown}
 f - 5 potions of curing {unknown}
 h - 2 potions of attraction {unknown}
 n - a potion of invisibility {unknown}
 r - 2 potions of mutation {unknown}
 s - a potion of resistance {unknown}
 t - a potion of magic {unknown}


   Skills:
 + Level 1.7 Fighting
 + Level 1.2 Short Blades
 + Level 0.3 Throwing
 + Level 4.6 Dodging
 - Level 2.0 Stealth
 * Level 6.6 Spellcasting
 * Level 6.6 Conjurations
 * Level 6.6 Hexes
 * Level 6.6 Summonings
 * Level 6.6 Necromancy
 * Level 6.6 Translocations
 * Level 6.6 Fire Magic
 * Level 6.6 Ice Magic
 * Level 6.6 Air Magic
 * Level 6.6 Earth Magic
 * Level 6.6 Alchemy


You knew the following spells:

 Your Spells              Type           Power      Damage    Failure   Level
a - Sting                 Conj/Alch      100%       1d9       1%          1
b - Mercury Vapours       Alch/Air       60%        N/A       1%          2
c - Mephitic Cloud        Conj/Alch/Air  30%        N/A       2%          3
d - Olgreb's Toxic Radia  Alch           30%        N/A       7%          4
e - Sticky Flame          Fire/Alch      30%        2d7       7%          4
f - Apportation           Tloc           60%        N/A       1%          1
g - Searing Ray           Conj           60%        2d6       1%          2
h - Momentum Strike       Conj/Tloc      60%        3d9       1%          2
Your spell library was empty.

Dungeon Overview and Level Annotations

Branches:
Dungeon (5/15)
 Temple: D:4-7

Altars:
Ashenzari
Okawaru
Trog

Annotations:
D:2 1 runed translucent door, Crazy Yiuf
D:4 Pikel


Innate Abilities, Weirdness & Mutations

You are immune to sickness and miasma.
You are immune to poison.
Your flesh is very heat resistant. (rF++)
You are vulnerable to cold. (rC-)
You float through the air rather than walking.
You learn spells naturally, not from books.
Your magical power is your life essence.
You have superior vitality. (+4 MHP)


Message History

The sting hits the ogre.
The ogre looks even sicker.
The ogre is moderately wounded.
Casting: Sting (safe; 1% risk of failure)
Confirm with . or Enter, or press ? or * to list all spells.
You don't know that spell.
Sorry, you're not good enough to have a special ability.
Throw: 4 boomerangs
Press: ? - help, Q - select action, (/) - cycle Shift-Dir - straight line, f/p - ogre
Aim: an ogre, wielding a +0 giant club (moderately wounded, very poisoned, 71% to hit)
You throw a boomerang.
The boomerang hits the ogre but does no damage.
The ogre is moderately wounded.
The ogre misses you.
Casting: Sting (safe; 1% risk of failure)
Confirm with . or Enter, or press ? or * to list all spells.
Aiming: Sting (safe; 1% risk of failure)
Press: ? - help, Shift-Dir - straight line, f/p - ogre
Aim: an ogre, wielding a +0 giant club (moderately wounded, very poisoned, 89% to hit)
The sting hits the ogre.
The ogre looks even sicker.
The ogre is heavily wounded.
The ogre hits you with a +0 giant club!!
Ouch! That really hurt!
Casting: Sting (safe; 1% risk of failure)
Confirm with . or Enter, or press ? or * to list all spells.
Aiming: Mephitic Cloud (dangerous; 2% risk of failure)
Press: ? - help, Shift-Dir - straight line, f/p - ogre
Aim: an ogre, wielding a +0 giant club (severely wounded, very poisoned, chance to affect: 77%)
The ball explodes into a vile cloud!
The stinking cloud engulfs the ogre.
The ogre is severely wounded.
The stinking cloud engulfs you.
Casting: Mephitic Cloud (dangerous; 2% risk of failure)
Confirm with . or Enter, or press ? or * to list all spells.
Aiming: Sting (safe; 1% risk of failure)
Press: ? - help, Shift-Dir - straight line, f/p - ogre
Aim: an ogre, wielding a +0 giant club (noxious fumes, severely wounded, very poisoned, 89% to hit)
The sting hits the ogre.
The ogre looks as sick as possible!
The ogre is severely wounded.
The ogre is engulfed in noxious fumes.
The ogre hits you with a +0 giant club!!
You die...

.### #..## ## #..# ## #+#. #
#.## ##. #...## # #.# ##.#
##..... # #.## ##..# ..[....
# ## #†.# #...# ........ ##
.#
#..####...####...##....###g
.#
##..##.....§.....###........
.#
#..........@O☼..###......<..
##
#......>...[§....##........#
#
#......#######.............#
#..#...# ...#....#...#
#..##..# .########..#
#.###..# # ##.# #. ##.# #.#
#. #.# #.# #.#


You could see an ogre (extremely poisoned).

Vanquished Creatures
  Grinder (D:4)
  Duvessa (D:4)
  An ice beast (D:5)
  4 lemures
  A phantom (D:4)
  A scorpion (D:4)
  Dowan (D:4)
  A howler monkey (D:4)
  An orc priest (D:3)
  A hound (D:4)
  Natasha (twice) (D:3)
  2 orc wizards (D:3)
  9 adders
  A gnoll (D:1)
  2 dart slugs
  3 ribbon worms
  9 orcs
  8 ball pythons
  4 bats
  7 endoplasms
  7 giant cockroaches
  8 goblins
  8 hobgoblins
  4 jackals (D:3)
  2 quokkas
  3 frilled lizards
  4 kobolds
  5 rats
101 creatures vanquished.

Notes
Turn   | Place    | Note
-------+----------+-------------------------------------------
     0 | D:1      | monsoonserge the Djinni Alchemist began the quest for the
                  | Orb.
     0 | D:1      | monsoonserge set off with the following spells memorised:
                  | Sting, Mercury Vapours, Mephitic Cloud, Olgreb's Toxic
                  | Radiance, Sticky Flame.
     0 | D:1      | Reached XP level 1. HP: 15/15 MP: 0/0
   182 | D:1      | Reached XP level 2. HP: 17/21 MP: 0/0
   532 | D:1      | Reached XP level 3. HP: 24/25 MP: 0/0
   532 | D:1      | Learned a level 1 spell: Apportation
   959 | D:2      | Reached XP level 4. HP: 28/31 MP: 0/0
  1592 | D:2      | Found a runed translucent door.
  1593 | D:2      | Noticed Crazy Yiuf
  1933 | D:3      | Found an iron altar of Okawaru.
  1992 | D:3      | Reached XP level 5. HP: 20/36 MP: 0/0
  1992 | D:3      | Learned a level 2 spell: Searing Ray
  2540 | D:3      | Found a faded altar of an unknown god.
  2663 | D:4      | Noticed Natasha
  2707 | D:3      | Killed Natasha
  2708 | D:3      | Reached skill level 1 in Fighting
  2708 | D:3      | Reached XP level 6. HP: 28/42 MP: 0/0
  2771 | D:4      | Noticed Duvessa
  2773 | D:4      | Noticed Dowan
  2923 | D:3      | Noticed Natasha
  2932 | D:3      | Killed Natasha
  2976 | D:4      | Killed Duvessa
  2977 | D:4      | Reached skill level 5 in Spellcasting
  2977 | D:4      | Reached skill level 5 in Conjurations
  2977 | D:4      | Reached skill level 5 in Hexes
  2977 | D:4      | Reached skill level 5 in Summonings
  2977 | D:4      | Reached skill level 5 in Necromancy
  2977 | D:4      | Reached skill level 5 in Translocations
  2977 | D:4      | Reached skill level 5 in Fire Magic
  2977 | D:4      | Reached skill level 5 in Ice Magic
  2977 | D:4      | Reached skill level 5 in Air Magic
  2977 | D:4      | Reached skill level 5 in Earth Magic
  2977 | D:4      | Reached skill level 5 in Alchemy
  2979 | D:4      | Reached skill level 1 in Short Blades
  2979 | D:4      | Reached XP level 7. HP: 30/47 MP: 0/0
  2979 | D:4      | Learned a level 2 spell: Momentum Strike
  2979 | D:4      | Killed Dowan
  3042 | D:4      | Found a bloodstained altar of Trog.
  3159 | D:4      | Found a broken altar of Ashenzari.
  3181 | D:4      | Noticed Pikel
  3181 | D:4      | Noticed Grinder
  3678 | D:4      | Paralysed by Grinder for 4 turns
  3684 | D:4      | Killed Grinder
  3685 | D:4      | Reached XP level 8. HP: 48/52 MP: 0/0
  3866 | D:5      | Entered Level 5 of the Dungeon
  4271 | D:5      | Slain by an ogre

Illustrated notes

Levels and vault maps discovered:
D:1:      dpeg_arrival_round_b, layout_loops_ring,
          amcnicky_mini_rare_corridor_liquid
D:2:      layout_basic, nicolae_hexahallways, uniq_crazy_yiuf_cottage
D:3:      layout_loops_ring, okawaru_gym_becter,
          shapermc_ecumenical_altar_mp_vishouse, patterned_corridor
D:4:      layout_cave_pools, mainiacjoe_overflow_surrounded_room,
          marbit_many_paths, serial_bayou_pond_c, hangedman_decor_slide_cut,
          grunt_decor_fettered, chequers_serial_rivers_large_a,
          guppyfry_early_lair_pool, uniq_duvessa, uniq_natasha, uniq_pikel,
          uniq_grinder
D:5:      layout_layer_cave, kennysheep_mini

Skill      XL: |  1  2  3  4  5  6  7 |
---------------+----------------------+-----
Stealth        | 2 |  2.0
Dodging        | 3 4 |  4.6
Spellcasting   | 4 5 6 |  6.6
Conjurations   | 4 5 6 |  6.6
Hexes          | 4 5 6 |  6.6
Summonings     | 4 5 6 |  6.6
Necromancy     | 4 5 6 |  6.6
Translocations | 4 5 6 |  6.6
Fire Magic     | 4 5 6 |  6.6
Ice Magic      | 4 5 6 |  6.6
Air Magic      | 4 5 6 |  6.6
Earth Magic    | 4 5 6 |  6.6
Alchemy        | 4 5 6 |  6.6
Fighting       | 1 |  1.7
Short Blades   | 1 |  1.2
Throwing       | |  0.3

Action                     |  1- 3 |  4- 6 |  7- 9 || total
---------------------------+-------+-------+-------++-------
  Melee: Short sword       |    10 |    23 |     7 ||    40
  Throw: Boomerang         |       |       |     3 ||     3
   Cast: Sting             |    49 |    78 |    74 ||   201
         Mercury Vapours   |     1 |     1 |     1 ||     3
         Mephitic Cloud    |       |     3 |     3 ||     6
         Searing Ray       |       |     2 |     5 ||     7
         Olgreb's Toxic Ra |       |     2 |       ||     2
         Momentum Strike   |       |       |     2 ||     2
   Stab: Sleeping          |     3 |     1 |     1 ||     5
         Confused          |       |     2 |       ||     2
 Armour: Robe              |     9 |    29 |    22 ||    60
  Dodge: Dodged            |     9 |    43 |    36 ||    88
